 Dungeon Crawl Stone Soup version 0.30.0-29-ga12c61a403 (webtiles) character file.

Game seed: 10322802503515886973

1610 Elmgren the Cleaver (level 8, -3/79 HPs)
             Began as a Minotaur Berserker on June 22, 2023.
             Was a Priest of Trog.
             Killed from afar by an acid dragon (30 damage)
             ... with a splash of acid
             ... on level 7 of the Dungeon.
             The game lasted 00:10:24 (7412 turns).

Elmgren the Cleaver (Minotaur Berserker)            Turns: 7412, Time: 00:10:24

Health: -3/79      AC: 14    Str: 23    XL:     8   Next: 63%
Magic:  7/7        EV: 12    Int:  5    God:    Trog [***...]
Gold:   391        SH:  0    Dex: 11    Spells: 7/7 levels left

rFire   . . .        y - +0 war axe
rCold   . . .        (no shield)
rNeg    . . .        u - +0 plate armour
rPois   .            (helmet restricted)
rElec   .            n - +0 cloak
rCorr   .            s - +0 pair of gloves
SInv    .            r - +0 pair of boots
Will    +....        (no amulet) Stlth
                     t - ring "Nivyhint" {Will+ EV+5 Int-5 Slay+3}
HPRegen 0.33/turn    w - +6 ring of intelligence
MPRegen 0.10/turn

%: no passive effects
@: marked
A: horns 2, retaliatory headbutt
a: Renounce Religion, Berserk, Trog's Hand


You were on level 7 of the Dungeon.
You worshipped Trog.
Trog was most pleased with you.
You visited 1 branch of the dungeon, and saw 7 of its levels.

You collected 391 gold pieces.

Inventory:

Hand Weapons
 y - a +0 war axe (weapon)
Armour
 n - a +0 cloak (worn)
 r - a +0 pair of boots (worn)
 s - a +0 pair of gloves (worn)
 u - a +0 plate armour (worn)
Jewellery
 b - a ring of resist corrosion
 d - a +4 ring of protection
 e - an amulet of faith
 f - a ring of protection from fire
 g - a ring of ice
 t - the ring "Nivyhint" (left hand) {Will+ EV+5 Int-5 Slay+3}
   (You found it on level 5 of the Dungeon)

   [ring of evasion]

   EV:        It affects your evasion (+5).
   Int:       It affects your intelligence (-5).
   Slay:      It affects your accuracy & damage with ranged weapons and melee
   (+3).
   Will:      It increases your willpower.
 w - a +6 ring of intelligence (right hand)
Wands
 v - a wand of digging (5)
Scrolls
 j - 2 scrolls of blinking
 m - a scroll of teleportation
 x - 2 scrolls of identify
Potions
 c - a potion of haste
 h - a potion of ambrosia {unknown}
 i - 5 potions of mutation
 k - 4 potions of heal wounds
 l - 4 potions of curing {unknown}
 o - 3 potions of berserk rage
 p - a potion of might
 q - a potion of attraction


   Skills:
 + Level 10.0 Fighting
 + Level 10.0 Axes
 - Level 2.4 Armour
 - Level 2.1 Dodging


You had 7 spell levels left.
You didn't know any spells.
Your spell library was empty.

Dungeon Overview and Level Annotations

Branches:
Dungeon (7/15) Zot: 26739  Temple (0/1) D:6

Altars:
Kikubaaqudgha
Qazlal
Trog

Shops:
D:6 =

Portals:
Bailey: D:7


Innate Abilities, Weirdness & Mutations

You have a pair of horns on your head.
You reflexively headbutt those who attack you in melee.


Message History

Your headbutt misses the orc warrior. You hit the orc.
You kill the orc!
Trog accepts your kill. The orc warrior closely misses you.
You furiously retaliate!
You headbutt the orc warrior! You slice the orc warrior!!
You kill the orc warrior!
Trog accepts your kill. The acid dragon spits acid at you.
The splash of acid hits you!!
Your Fighting skill increases to level 10!
Your Axes skill increases to level 10!
You take 28 damage, and have 42/79 hp.
MASSIVE DAMAGE!!
The acid dragon barely misses you. The acid dragon claws you.
Things that are here:
a +0 mace; a +0 plate armour of willpower; an orc corpse You take 1 damage, and have 41/79 hp.
You slash the acid dragon!
A centaur comes into view.
The acid dragon bites you but does no damage.
The acid dragon claws you but does no damage.
You closely miss the acid dragon.
The centaur wields a +0 shortbow.
The centaur shoots an arrow.
The arrow hits you but does no damage. The acid dragon closely misses you.
The acid dragon claws you but does no damage.
The centaur shoots an arrow.
The arrow hits you.
* * * LOW HITPOINT WARNING * * *
You take 4 damage, and have 38/79 hp.
You slash the acid dragon!
The centaur shoots an arrow.
The arrow hits you.
* * * LOW HITPOINT WARNING * * *
The acid dragon bites you.
* * * LOW HITPOINT WARNING * * *
The acid dragon claws you but does no damage.
You take 9 damage, and have 29/79 hp.
You closely miss the acid dragon.
The centaur shoots an arrow.
The arrow hits you.
* * * LOW HITPOINT WARNING * * *
The acid dragon spits acid at you. The splash of acid hits you!!
You die...

#.# #.# ##.####. #.#
#.# #.####. #.# #.#
#....#. #.# #.#
####.#. #.# #.# #.#.
#.# #.# #.#.
#####)####c###### #...
#....)..........#####.
#.###@####............
#D# ########..... #.#
#.#### ..# #.# ### #.#
#.# ..# ###


You could see an acid dragon (catching breath) and a centaur.

Vanquished Creatures
  A water moccasin (D:7)
  3 ice beasts (D:6)
  An orc warrior (D:7)
  2 ogres
  A centaur (D:6)
  Blork the orc (D:6)
  A kobold brigand (D:6)
  2 bullfrogs
  A scorpion (D:5)
  A howler monkey (D:6)
  A hound (D:4)
  Crazy Yiuf (D:2)
  4 orc priests
  A sleepcap (D:5)
  3 orc wizards
  4 adders
  7 gnolls
  A shadow imp (D:6)
  A worm (D:3)
  4 dart slugs
  14 orcs
  5 bats
  13 endoplasms
  4 giant cockroaches
  10 goblins
  13 hobgoblins
  4 jackals (D:3)
  2 quokkas
  12 ball pythons
  8 frilled lizards
  14 kobolds
  5 rats
145 creatures vanquished.

Notes
Turn   | Place    | Note
-------+----------+-------------------------------------------
     0 | D:1      | Elmgren the Minotaur Berserker began the quest for the Orb.
     0 | D:1      | Reached XP level 1. HP: 19/19 MP: 0/0
   141 | D:1      | Reached XP level 2. HP: 24/27 MP: 1/1
   608 | D:1      | Reached XP level 3. HP: 34/34 MP: 2/2
  1351 | D:2      | Found a runed translucent door.
  1352 | D:2      | Noticed Crazy Yiuf
  1528 | D:2      | Reached ** piety under Trog
  1717 | D:2      | Reached XP level 4. HP: 37/41 MP: 3/3
  1722 | D:2      | Reached skill level 5 in Fighting
  1722 | D:2      | Reached skill level 5 in Axes
  2126 | D:2      | Killed Crazy Yiuf
  2624 | D:3      | Found an ancient bone altar of Kikubaaqudgha.
  2685 | D:3      | Reached XP level 5. HP: 28/48 MP: 4/4
  3287 | D:3      | Noticed an ogre
  3293 | D:3      | Killed an ogre
  3294 | D:3      | Reached XP level 6. HP: 57/57 MP: 5/5
  4314 | D:4      | Identified the +0 leather armour of the Stonemason {Contam
                  | rC+++ Regen+ Int+2}
  4342 | D:4      | Found a sand-covered staircase.
  4754 | D:5      | Entered Level 5 of the Dungeon
  5395 | D:5      | Identified the ring "Nivyhint" {Will+ EV+5 Int-5 Slay+3}
  5397 | D:5      | Lost intelligence.
  5923 | D:6      | Reached XP level 7. HP: 66/66 MP: 6/6
  6049 | D:6      | Found a staircase to the Ecumenical Temple.
  6105 | D:6      | Found a bloodstained altar of Trog.
  6273 | D:6      | Found Gokaoweo's Jewellery Boutique.
  6287 | D:6      | Noticed Blork the orc
  6298 | D:6      | Killed Blork the orc
  6317 | D:6      | Reached *** piety under Trog
  6720 | D:6      | Reached XP level 8. HP: 58/75 MP: 7/7
  6819 | D:6      | Found a stormy altar of Qazlal.
  7153 | D:7      | Found a flagged portal.
  7408 | D:7      | Reached skill level 10 in Fighting
  7408 | D:7      | Reached skill level 10 in Axes
  7412 | D:7      | Killed from afar by an acid dragon

Illustrated notes

Levels and vault maps discovered:
D:1:      eino_arrival_water_cross, layout_basic
D:2:      layout_basic, uniq_crazy_yiuf_cottage
D:3:      minmay_razor_zed, layout_basic, nicolae_kikubaaqudgha_miasma_corner
D:4:      layout_loops_corners, enter_ossuary_1
D:5:      layout_cave_pods
D:6:      layout_loops_ring, mainiacjoe_overflow_tiny_flanked,
          trog_hazing_becter, minmay_temple_entry_glassed_door,
          minmay_shop_enchanted_jewellery, uniq_blork_the_orc
D:7:      layout_loops_ring, nicolae_overflow_hidden_temple, enter_bailey_8,
          grunt_decor_fettered

Skill      XL: |  1  2  3  4  5  6  7  8 |
---------------+-------------------------+-----
Fighting       | 4 5 6 7 8 10 | 10.0
Axes           | 4 5 6 7 8 10 | 10.0
Armour         | |  2.4
Dodging        | |  2.1

Action                     |  1- 3 |  4- 6 |  7- 9 || total
---------------------------+-------+-------+-------++-------
  Melee: Hand axe          |    97 |   156 |    64 ||   317
         Headbutt          |     7 |    21 |    12 ||    40
         Punch             |       |     1 |     3 ||     4
         War axe           |       |       |    24 ||    24
 Invoke: Berserk           |       |     4 |     1 ||     5
         Trog's Hand       |       |     2 |     2 ||     4
    Use: Scroll            |     1 |    15 |       ||    16
   Stab: Distracted        |       |       |     1 ||     1
 Armour: Animal skin       |    16 |       |       ||    16
         Leather armour    |    15 |    42 |       ||    57
         Plate armour      |       |    15 |    54 ||    69
  Dodge: Dodged            |    60 |    71 |    56 ||   187
